 Dungeon Crawl Stone Soup version 0.30-a0-223-gcb0039aa0c (webtiles) character file.

Game seed: 4662566378953987745

22330 qw the Cleaver (level 12, -10/83 HPs)
             Began as a Gargoyle Fighter on Oct 9, 2022.
             Was a High Priest of Okawaru.
             Killed by the air
             ... invoked by Gastronok
              (42 damage)
             ... on level 2 of the Lair of Beasts.
             The game lasted 00:06:07 (11744 turns).

qw the Cleaver (Gargoyle Fighter)                  Turns: 11744, Time: 00:06:08

Health: -10/83     AC: 30    Str: 23    XL:     12   Next: 99%
Magic:  19/19      EV: 14    Int: 11    God:    Okawaru [*****.]
Gold:   630        SH: 13    Dex: 15    Spells: 11/11 levels left

rFire   . . .      SeeInvis .    Y - +4 war axe
rCold   . . .      Faith    .    s - +0 kite shield
rNeg    + . .      Spirit   .    b - +0 plate armour
rPois   inf        Reflect  .    (helmet restricted)
rElec   +          Harm     .    p - +0 cloak
rCorr   .          Rampage  .    n - +0 pair of gloves
Will    .....      Clarity  +    r - +0 pair of boots
Stlth   ..........               (no amulet)
HPRegen 0.33/turn                k - +4 ring of evasion
MPRegen 0.16/turn                m - +6 ring of dexterity

@: heroic
A: sickness immunity, AC +8, negative energy resistance 1, electricity
resistance, torment resistance 1, petrification resistance, horns 1, clarity,
robust 1
a: Renounce Religion, Heroism, Finesse, Duel


You were on level 2 of the Lair of Beasts.
You worshipped Okawaru.
Okawaru was extremely pleased with you.
You visited 3 branches of the dungeon, and saw 12 of its levels.
You also visited: Sewer.

You collected 630 gold pieces.


Innate Abilities, Weirdness & Mutations

You are immune to sickness and miasma.
Your stone body is resilient. (AC +8)
You are immune to poison.
You resist negative energy. (rN+)
You are resistant to electric shocks. (rElec)
You are resistant to unholy torment.
You are immune to petrification.
You have a pair of small horns on your head.
You possess an exceptional clarity of mind.
You are robust. (+10% HP)


   Skills:
 - Level 9.0(14.0) Fighting
 - Level 12.0(17.0) Axes
 - Level 1.0(6.0) Throwing
 - Level 9.0(14.0) Armour
 - Level 3.0(8.0) Dodging
 + Level 10.3(15.3) Shields
 - Level 10.0 Invocations


You had 11 spell levels left.
You didn't know any spells.
Your spell library was empty.

Inventory:

Hand Weapons
 a - a +0 demon whip of venom
 Y - a +4 war axe (weapon)
Armour
 b - a +0 plate armour (worn)
 n - a +0 pair of gloves (worn)
 p - a +0 cloak (worn)
 r - a +0 pair of boots (worn)
 s - a +0 kite shield (worn)
Jewellery
 g - a ring of fire
 h - a ring of ice
 k - a +4 ring of evasion (left hand)
 m - a +6 ring of dexterity (right hand)
 t - the ring "Fistrobb" {Wiz rElec rF- rC+++ Stlth-}
   (You found it on level 8 of the Dungeon)

   [ring of wizardry]

   It improves your spell success rate.
   rF:        It makes you vulnerable to fire.
   rC:        It renders you almost immune to cold.
   rElec:     It insulates you from electricity.
   Stlth:     It makes you less stealthy.
Scrolls
 e - 7 scrolls of identify
 v - a scroll of brand weapon {unknown}
Potions
 c - a potion of lignification
 d - 2 potions of might
 f - 3 potions of attraction
 i - 2 potions of mutation
 l - 7 potions of curing
 o - a potion of magic
 q - 3 potions of resistance

Dungeon Overview and Level Annotations

Branches:
Dungeon (9/15)             Temple (1/1) D:7            Lair (2/5) D:9
  Sewer (visited)
  Swamp: Lair:2-3    Shoals: Lair:2-3     Snake: Lair:2-3    Spider: Lair:2-3
    Orc: D:9-12

Altars:
Ashenzari
Cheibriados
Dithmenos
Elyvilon
Fedhas
Gozag
Hepliaklqana
Kikubaaqudgha
Makhleb
Nemelex Xobeh
Okawaru
Qazlal
Ru
Sif Muna
Trog
Uskayaw
Vehumet
Wu Jian
Xom
Yredelemnul
Zin
The Shining One

Shops:
D:1 *

Annotations:
D:6 1 runed translucent door, Crazy Yiuf
Lair:2 Gastronok


Message History

Nergalle casts a spell at you.
Orcish apparitions take form around you.
The spectral orc closely misses you.
You block the spectral orc warrior's attack.
You barely miss Nergalle.
You headbutt Nergalle, but do no damage.
Nergalle is severely wounded.
You slash the spectral orc!
You destroy the spectral orc!
The spectral orc disappears in a puff of smoke!
You hit the spectral orc warrior but do no damage.
You block the spectral orc warrior's attack.
The spectral orc warrior hits you with a +0 short sword.
You block Nergalle's attack.
You hit Nergalle but do no damage.
Nergalle is severely wounded.
You hit the spectral orc warrior.
You block the spectral orc warrior's attack. x2
You slash Nergalle! You headbutt Nergalle.
You kill Nergalle!
Okawaru accepts your kill.
The spectral orc warrior disappears in a puff of smoke! x4
Your life force feels restored.
You start resting.
Gastronok is nearby!
Things that are here:
a +0 dagger; a +2 robe of willpower Gastronok gurgles, "I'll eat you, I will!"
Gastronok waves his eye-stalks in wide circles.
The air twists around and strikes you!
You slash Gastronok! You headbutt Gastronok.
Gastronok is lightly wounded.
You slash Gastronok! You headbutt Gastronok.
Gastronok is lightly wounded.
You hit Gastronok. You headbutt Gastronok.
Gastronok is lightly wounded.
Gastronok waves his eye-stalks in wide circles.
The air twists around and strikes you!!!
Ouch! That really hurt!
You die...

###...#.## ##
#........##.#
##........#.##
##............#
#............^#
##....%#....¤.##
#.............#
####......)#...##
#######.##......@...#.#
................w.....#
....####..#..........[#
+..## #..............##
....###.#+#..........#
....##.....#..........P
.....#.....#P.......#.##
.8....................#
....#..8..........


You could see Gastronok.

Vanquished Creatures
  An ogre mage (D:9)
  5 death yaks (Lair:1)
  2 two-headed ogres (D:9)
  Nergalle (Lair:2)
  Amaemon (D:9)
  Pikel (D:8)
  A black mamba (Lair:2)
  A wolf spider (Lair:1)
  2 cane toads
  An orange demon (D:9)
  A rime drake (Lair:2)
  2 komodo dragons (Lair:1)
  6 kobold demonologists (D:9)
  A polar bear (Lair:2)
  2 trolls (D:9)
  2 hornets
  2 vampires
  A wraith (D:8)
  11 yaks
  2 steam dragons
  2 wyverns
  A basilisk (Lair:2)
  11 wargs (D:9)
  2 acid dragons (D:9)
  3 water moccasins
  4 orc warriors
  A sky beast (D:6)
  2 ice beasts
  A black bear (D:5)
  4 ogres
  18 wolves (Lair:1)
  A centaur (D:7)
  2 phantoms
  A lemure (D:8)
  6 kobold brigands
  6 bullfrogs
  A necrophage (D:5)
  6 gnoll sergeants (D:9)
  A wight (D:4)
  13 killer bees
  9 howler monkeys
  An electric eel (D:9)
  A human zombie (D:4)
  6 gnoll boudas
  11 hounds
  2 jellies
  8 orc priests
  5 iguanas
  A scorpion zombie (D:4)
  6 orc wizards
  Natasha (D:2)
  2 hound zombies (D:4)
  3 mummies
  17 gnolls
  12 adders
  A river rat (D:5)
  4 white imps
  4 adder zombies (D:4)
  2 worms
  36 orcs
  9 bats
  8 endoplasms
  8 giant cockroaches
  10 goblins
  6 hobgoblins
  14 jackals
  6 quokkas
  4 ball pythons
  14 frilled lizards
  A hobgoblin zombie (D:6)
  A jackal zombie (D:4)
  11 kobolds
  2 kobold zombies (D:6)
  An orc zombie (D:6)
  8 rats
367 creatures vanquished.

Vanquished Creatures (others)
  51 plants
51 creatures vanquished.

Grand Total: 418 creatures vanquished

Notes
Turn   | Place    | Note
-------+----------+-------------------------------------------
     0 | D:1      | qw the Gargoyle Fighter began the quest for the Orb.
     0 | D:1      | Reached XP level 1. HP: 14/14 MP: 1/1
     0 | D:1      | 0 ||| qw: Version: 0.2-a-17-g06abaee
     0 | D:1      | 0 ||| qw: Game counter: 2257
     0 | D:1      | 0 ||| qw: Always use a shield: true
     0 | D:1      | 0 ||| qw: God list: Okawaru
     0 | D:1      | 0 ||| qw: Allow faded altars: false
     0 | D:1      | 0 ||| qw: Do Orc after D:15 true
     0 | D:1      | 0 ||| qw: Do second Lair branch before Depths: true
     0 | D:1      | 0 ||| qw: Lair rune preference: random
     0 | D:1      | 0 ||| qw: Plans: Normal, Zot:1-4, God:TSO, Crypt, Tomb,
                  | Pan, Slime:5, Hells, Abyss, Orb
     0 | D:1      | 0 ||| PLANNING D:1-11
   112 | D:1      | Reached skill level 2 in Axes
   112 | D:1      | Reached XP level 2. HP: 18/19 MP: 2/2
   126 | D:1      | Found Tiwk's General Store.
   154 | D:1      | 154 ||| SHOPLISTING scroll of identify (24 gold, have 0).
   274 | D:1      | Reached skill level 3 in Axes
   326 | D:1      | Reached XP level 3. HP: 23/23 MP: 3/3
   428 | D:1      | 428 ||| Stepping ~*~*~tactically~*~*~ (stealth).
   429 | D:1      | 429 ||| Stepping ~*~*~tactically~*~*~ (stealth).
   502 | D:1      | 502 ||| UPGRADING to +4 ring of evasion.
   503 | D:1      | 503 ||| UPGRADING to +6 ring of dexterity.
   504 | D:1      | 504 ||| READING scroll labelled LUV DEFOERR.
   505 | D:1      | 505 ||| READING scroll labelled OXZAMAOROZ.
   506 | D:1      | 506 ||| READING scroll labelled SOPLAV DEYSU.
   507 | D:1      | 507 ||| DRINKING 2 fuming brown potions.
   659 | D:2      | 659 ||| Stepping ~*~*~tactically~*~*~ (stealth).
   668 | D:2      | 668 ||| Stepping ~*~*~tactically~*~*~ (stealth).
   685 | D:2      | 685 ||| READING scroll of enchant weapon.
   685 | D:2      | 685 ||| ENCHANTING +1 war axe.
   698 | D:2      | Reached skill level 1 in Dodging
   886 | D:2      | 886 ||| Stepping ~*~*~tactically~*~*~ (water).
   893 | D:2      | Reached XP level 4. HP: 28/28 MP: 4/4
   914 | D:2      | 914 ||| Stepping ~*~*~tactically~*~*~ (water).
   975 | D:2      | Reached skill level 1 in Throwing
  1140 | D:2      | Noticed Natasha
  1147 | D:2      | Killed Natasha
  1349 | D:2      | 1349 ||| UPGRADING to +0 chain mail.
  1359 | D:2      | 1359 ||| DROPPING +0 scale mail.
  1360 | D:2      | 1360 ||| READING 2 scrolls labelled VOCICH QEGOR.
  1361 | D:2      | 1361 ||| READING scroll labelled EDEEQE NICRO.
  1362 | D:2      | 1362 ||| READING scroll labelled SAOCEM PEPNUU.
  1365 | D:2      | 1365 ||| READING scroll labelled JAEMUV YZAEWI.
  1366 | D:2      | 1366 ||| DRINKING 2 bubbling yellow potions.
  1366 | D:2      | Gained mutation: You have a pair of small horns on your
                  | head. [potion of mutation]
  1366 | D:2      | Gained mutation: You have hidden genetic potential. [potion
                  | of mutation]
  1367 | D:2      | 1367 ||| DRINKING 2 coppery potions.
  1419 | D:3      | 1419 ||| Stepping ~*~*~tactically~*~*~ (hiding).
  1420 | D:3      | 1420 ||| Stepping ~*~*~tactically~*~*~ (hiding).
  1421 | D:3      | 1421 ||| Stepping ~*~*~tactically~*~*~ (hiding).
  1426 | D:3      | 1426 ||| Stepping ~*~*~tactically~*~*~ (stealth).
  1428 | D:3      | 1428 ||| Stepping ~*~*~tactically~*~*~ (stealth).
  1455 | D:3      | Reached skill level 4 in Axes
  1471 | D:3      | 1471 ||| Stepping ~*~*~tactically~*~*~ (stealth).
  1485 | D:3      | 1485 ||| Stepping ~*~*~tactically~*~*~ (stealth).
  1522 | D:3      | Reached XP level 5. HP: 32/32 MP: 5/5
  1526 | D:3      | 1526 ||| Stepping ~*~*~tactically~*~*~ (stealth).
  1528 | D:3      | 1528 ||| Stepping ~*~*~tactically~*~*~ (stealth).
  1627 | D:3      | 1627 ||| Stepping ~*~*~tactically~*~*~ (hiding).
  1641 | D:3      | Gained mutation: You are robust. (+10% HP) [hidden
                  | potential]
  1675 | D:3      | 1675 ||| FLEEEEING.
  1685 | D:3      | 1685 ||| STAIRDANCE
  1728 | D:2      | 1728 ||| READING scroll labelled TOICI TUWACO.
  1729 | D:2      | 1729 ||| READING scroll labelled QOGAQY XYAN.
  1781 | D:3      | Found a sacrificial altar of Ru.
  1941 | D:3      | 1941 ||| READING scroll labelled BOLUREU IFEZ.
  2129 | D:4      | Noticed a water moccasin
  2130 | D:4      | 2130 ||| Stepping ~*~*~tactically~*~*~ (stealth).
  2148 | D:4      | Killed a water moccasin
  2149 | D:4      | Reached skill level 5 in Axes
  2149 | D:4      | Reached XP level 6. HP: 40/40 MP: 6/6
  2163 | D:4      | Gained mutation: You possess an exceptional clarity of
                  | mind. [hidden potential]
  2163 | D:4      | Lost mutation: You have hidden genetic potential. [hidden
                  | potential expressed]
  2428 | D:4      | Found an opulent altar of Gozag.
  2556 | D:4      | Reached skill level 6 in Axes
  2556 | D:4      | Reached XP level 7. HP: 47/47 MP: 7/7
  2562 | D:4      | Found a basalt altar of Yredelemnul.
  2866 | D:4      | 2866 ||| UPGRADING to +0 pair of boots.
  2871 | D:4      | 2871 ||| READING scroll labelled CAHAOD MOBLOY.
  2872 | D:4      | 2872 ||| READING scroll labelled IVA SUHUN ITT.
  2873 | D:4      | 2873 ||| DRINKING 2 fizzy coppery potions.
  2874 | D:4      | 2874 ||| READING 2 scrolls of identify.
  2874 | D:4      | 2874 ||| IDENTIFYING bubbling clear potion
  2875 | D:4      | 2875 ||| DROPPING potion of flight.
  2929 | D:5      | Entered Level 5 of the Dungeon
  2930 | D:5      | 2930 ||| PLANNING SEWER
  2985 | D:5      | Reached skill level 7 in Axes
  3253 | D:5      | 3253 ||| Stepping ~*~*~tactically~*~*~ (stealth).
  3258 | D:5      | 3258 ||| Stepping ~*~*~tactically~*~*~ (stealth).
  3420 | D:5      | Found a glowing drain.
  3424 | Sewer    | Entered a sewer
  3437 | Sewer    | 3437 ||| Stepping ~*~*~tactically~*~*~ (water).
  3449 | Sewer    | 3449 ||| Stepping ~*~*~tactically~*~*~ (water).
  3661 | Sewer    | Reached XP level 8. HP: 53/53 MP: 8/8
  3853 | Sewer    | 3853 ||| UPGRADING to +0 plate armour.
  3863 | Sewer    | 3863 ||| DROPPING +0 chain mail.
  3883 | D:5      | 3883 ||| PLANNING D:1-11
  4166 | D:5      | 4166 ||| Stepping ~*~*~tactically~*~*~ (stealth).
  4167 | D:5      | 4167 ||| Stepping ~*~*~tactically~*~*~ (stealth).
  4418 | D:5      | Reached skill level 8 in Axes
  4545 | D:5      | Noticed a vampire
  4555 | D:5      | Reached skill level 6 in Fighting
  4562 | D:5      | Killed a vampire
  4807 | D:5      | 4807 ||| READING 2 scrolls of identify.
  4807 | D:5      | 4807 ||| IDENTIFYING ruby potion
  4924 | D:6      | Reached XP level 9. HP: 61/61 MP: 9/9
  4935 | D:6      | 4935 ||| Stepping ~*~*~tactically~*~*~ (stealth).
  4938 | D:6      | 4938 ||| Stepping ~*~*~tactically~*~*~ (stealth).
  4939 | D:6      | 4939 ||| Stepping ~*~*~tactically~*~*~ (stealth).
  5138 | D:6      | 5138 ||| Stepping ~*~*~tactically~*~*~ (stealth).
  5143 | D:6      | Reached skill level 9 in Axes
  5198 | D:6      | 5198 ||| Stepping ~*~*~tactically~*~*~ (stealth).
  5235 | D:6      | 5235 ||| READING scroll of enchant weapon.
  5235 | D:6      | 5235 ||| ENCHANTING +2 war axe.
  5297 | D:6      | 5297 ||| FLEEEEING.
  5299 | D:6      | 5299 ||| FLEEEEING.
  5300 | D:6      | 5300 ||| FLEEEEING.
  5331 | D:6      | 5331 ||| Stepping ~*~*~tactically~*~*~ (stealth).
  5443 | D:6      | 5443 ||| Stepping ~*~*~tactically~*~*~ (stealth).
  5660 | D:6      | Found a runed translucent door.
  5661 | D:6      | Noticed Crazy Yiuf
  5824 | D:6      | 5824 ||| READING scroll labelled RADORCHIREBB.
  5825 | D:6      | 5825 ||| READING 2 scrolls labelled ETI ICAUTOGYA.
  5826 | D:6      | 5826 ||| DROPPING scroll of magic mapping.
  5879 | D:7      | 5879 ||| Stepping ~*~*~tactically~*~*~ (stealth).
  5882 | D:7      | 5882 ||| Stepping ~*~*~tactically~*~*~ (stealth).
  5884 | D:7      | 5884 ||| Stepping ~*~*~tactically~*~*~ (stealth).
  5902 | D:7      | Reached skill level 6 in Armour
  5967 | D:7      | Found a broken altar of Ashenzari.
  5969 | D:7      | 5969 ||| Stepping randomly (stuck).
  5971 | D:7      | 5971 ||| Stepping randomly (stuck).
  5972 | D:7      | 5972 ||| Stepping randomly (stuck).
  5974 | D:7      | 5974 ||| Stepping randomly (stuck).
  5975 | D:7      | 5975 ||| Stepping randomly (stuck).
  5976 | D:7      | 5976 ||| Stepping randomly (stuck).
  5977 | D:7      | 5977 ||| Stepping randomly (stuck).
  5978 | D:7      | 5978 ||| Stepping randomly (stuck).
  5979 | D:7      | 5979 ||| Stepping randomly (stuck).
  5980 | D:7      | 5980 ||| Stepping randomly (stuck).
  5982 | D:7      | 5982 ||| Stepping randomly (stuck).
  5984 | D:7      | 5984 ||| Stepping randomly (stuck).
  5985 | D:7      | 5985 ||| Stepping randomly (stuck).
  5986 | D:7      | 5986 ||| Stepping randomly (stuck).
  5988 | D:7      | 5988 ||| Stepping randomly (stuck).
  5990 | D:7      | 5990 ||| Stepping randomly (stuck).
  5991 | D:7      | 5991 ||| Stepping randomly (stuck).
  5992 | D:7      | 5992 ||| Stepping randomly (stuck).
  5993 | D:7      | 5993 ||| Stepping randomly (stuck).
  5994 | D:7      | 5994 ||| Stepping randomly (stuck).
  5995 | D:7      | 5995 ||| Stepping randomly (stuck).
  5996 | D:7      | 5996 ||| Stepping randomly (stuck).
  5997 | D:7      | 5997 ||| Stepping randomly (stuck).
  5998 | D:7      | 5998 ||| Stepping randomly (stuck).
  6000 | D:7      | 6000 ||| Stepping randomly (stuck).
  6001 | D:7      | 6001 ||| Stepping randomly (stuck).
  6002 | D:7      | 6002 ||| Stepping randomly (stuck).
  6003 | D:7      | 6003 ||| Stepping randomly (stuck).
  6004 | D:7      | 6004 ||| Stepping randomly (stuck).
  6005 | D:7      | 6005 ||| Stepping randomly (stuck).
  6006 | D:7      | 6006 ||| Stepping randomly (stuck).
  6007 | D:7      | 6007 ||| Stepping randomly (stuck).
  6008 | D:7      | 6008 ||| Stepping randomly (stuck).
  6009 | D:7      | 6009 ||| Stepping randomly (stuck).
  6010 | D:7      | 6010 ||| Stepping randomly (stuck).
  6011 | D:7      | 6011 ||| Stepping randomly (stuck).
  6012 | D:7      | 6012 ||| Stepping randomly (stuck).
  6013 | D:7      | 6013 ||| Stepping randomly (stuck).
  6014 | D:7      | 6014 ||| Stepping randomly (stuck).
  6015 | D:7      | 6015 ||| Stepping randomly (stuck).
  6016 | D:7      | 6016 ||| Stepping randomly (stuck).
  6048 | D:7      | Found a blossoming altar of Fedhas.
  6049 | D:7      | 6049 ||| Stepping ~*~*~tactically~*~*~ (hiding).
  6054 | D:7      | 6054 ||| Stepping ~*~*~tactically~*~*~ (hiding).
  6072 | D:7      | 6072 ||| Stepping ~*~*~tactically~*~*~ (hiding).
  6086 | D:7      | 6086 ||| Stepping ~*~*~tactically~*~*~ (hiding).
  6217 | D:7      | Found a staircase to the Ecumenical Temple.
  6218 | D:7      | 6218 ||| PLANNING TEMPLE
  6218 | D:7      | 6218 ||| UPGRADING to +0 pair of gloves.
  6237 | D:7      | 6237 ||| FLEEEEING.
  6238 | D:7      | 6238 ||| FLEEEEING.
  6239 | D:7      | 6239 ||| FLEEEEING.
  6240 | D:7      | 6240 ||| FLEEEEING.
  6241 | D:7      | 6241 ||| FLEEEEING.
  6242 | D:7      | 6242 ||| FLEEEEING.
  6243 | D:7      | 6243 ||| FLEEEEING.
  6244 | D:7      | 6244 ||| FLEEEEING.
  6246 | D:7      | 6246 ||| FLEEEEING.
  6247 | D:7      | 6247 ||| FLEEEEING.
  6248 | D:7      | 6248 ||| FLEEEEING.
  6249 | D:7      | 6249 ||| FLEEEEING.
  6250 | D:7      | 6250 ||| FLEEEEING.
  6251 | D:7      | 6251 ||| FLEEEEING.
  6252 | D:7      | 6252 ||| FLEEEEING.
  6253 | D:7      | 6253 ||| FLEEEEING.
  6254 | D:7      | 6254 ||| FLEEEEING.
  6255 | D:7      | 6255 ||| FLEEEEING.
  6256 | D:7      | 6256 ||| FLEEEEING.
  6296 | Temple   | Entered the Ecumenical Temple
  6340 | Temple   | 6340 ||| PLANNING OKAWARU WORSHIP
  6357 | Temple   | Became a worshipper of Warmaster Okawaru
  6358 | Temple   | 6358 ||| PLANNING D:1-11
  6394 | D:7      | Found a sparkling altar of Nemelex Xobeh.
  6447 | D:7      | Found a radiant altar of Vehumet.
  6515 | D:7      | Noticed a hornet
  6528 | D:7      | Killed a hornet
  6570 | D:7      | 6570 ||| Stepping ~*~*~tactically~*~*~ (stealth).
  6606 | D:7      | 6606 ||| Stepping ~*~*~tactically~*~*~ (hiding).
  6608 | D:7      | Noticed a +0 falchion
  6608 | D:7      | Noticed a +0 short sword
  6608 | D:7      | Noticed a +0 falchion
  6609 | D:7      | Noticed a +0 spear
  6609 | D:7      | Noticed a +0 short sword
  6611 | D:7      | Noticed a +0 dagger
  6612 | D:7      | Reached skill level 10 in Axes
  6712 | D:7      | Noticed a +0 dagger
  6713 | D:7      | Noticed a +0 spear
  6714 | D:7      | Found a hide-covered altar of Uskayaw.
  6927 | D:7      | Reached XP level 10. HP: 34/69 MP: 10/10
  7129 | D:7      | Identified the +1 ring mail of the First Invaders {rElec
                  | rC- Dex+3}
  7145 | D:7      | 7145 ||| UPGRADING to +0 kite shield.
  7155 | D:7      | 7155 ||| DROPPING +0 buckler.
  7156 | D:7      | 7156 ||| READING scroll labelled LIHOVETASU.
  7157 | D:7      | 7157 ||| READING 4 scrolls of identify.
  7157 | D:7      | 7157 ||| IDENTIFYING murky inky potion
  7158 | D:7      | 7158 ||| DROPPING potion of brilliance.
  7218 | D:8      | Reached * piety under Okawaru
  7219 | D:8      | 7219 ||| INVOKING Heroism.
  7231 | D:8      | 7231 ||| INVOKING Heroism.
  7239 | D:8      | Reached skill level 6 in Shields
  7239 | D:8      | Reached skill level 1 in Invocations
  7245 | D:8      | 7245 ||| FLEEEEING.
  7246 | D:8      | 7246 ||| FLEEEEING.
  7247 | D:8      | 7247 ||| FLEEEEING.
  7248 | D:8      | 7248 ||| FLEEEEING.
  7249 | D:8      | 7249 ||| FLEEEEING.
  7250 | D:8      | 7250 ||| FLEEEEING.
  7251 | D:8      | 7251 ||| FLEEEEING.
  7252 | D:8      | 7252 ||| FLEEEEING.
  7253 | D:8      | 7253 ||| STAIRDANCE
  7285 | D:7      | 7285 ||| DROPPING ring of positive energy.
  7286 | D:7      | 7286 ||| READING 3 scrolls of identify.
  7286 | D:7      | 7286 ||| IDENTIFYING glowing yellow potion
  7289 | D:8      | 7289 ||| STAIRDANCE
  7295 | D:8      | 7295 ||| STAIRDANCE
  7363 | D:8      | Identified the ring "Fistrobb" {Wiz rElec rF- rC+++ Stlth-}
  7400 | D:8      | Identified the +5 ring mail "Rouppemi" {Dex+3 Stlth+}
  7426 | D:8      | Noticed Pikel
  7427 | D:8      | 7427 ||| Stepping ~*~*~tactically~*~*~ (stealth).
  7429 | D:8      | 7429 ||| Stepping ~*~*~tactically~*~*~ (stealth).
  7430 | D:8      | 7430 ||| Stepping ~*~*~tactically~*~*~ (stealth).
  7431 | D:8      | 7431 ||| INVOKING Heroism.
  7439 | D:8      | Killed Pikel
  7440 | D:8      | Reached skill level 3 in Invocations
  7449 | D:8      | 7449 ||| INVOKING Heroism.
  7468 | D:8      | 7468 ||| INVOKING Heroism.
  7516 | D:8      | 7516 ||| Stepping ~*~*~tactically~*~*~ (stealth).
  7916 | D:8      | 7916 ||| READING 5 scrolls of identify.
  7916 | D:8      | 7916 ||| IDENTIFYING golden potion
  7981 | D:9      | 7981 ||| FLEEEEING.
  7982 | D:9      | 7982 ||| FLEEEEING.
  7983 | D:9      | 7983 ||| FLEEEEING.
  7984 | D:9      | 7984 ||| FLEEEEING.
  7989 | D:9      | 7989 ||| FLEEEEING.
  7990 | D:9      | 7990 ||| FLEEEEING.
  7991 | D:9      | 7991 ||| FLEEEEING.
  7992 | D:9      | 7992 ||| FLEEEEING.
  7993 | D:9      | 7993 ||| FLEEEEING.
  7994 | D:9      | 7994 ||| FLEEEEING.
  7995 | D:9      | 7995 ||| FLEEEEING.
  7996 | D:9      | 7996 ||| STAIRDANCE
  8107 | D:9      | 8107 ||| INVOKING Heroism.
  8245 | D:9      | Found a staircase to the Lair.
  8263 | D:9      | 8263 ||| Stepping ~*~*~tactically~*~*~ (stealth).
  8266 | D:9      | 8266 ||| Stepping ~*~*~tactically~*~*~ (stealth).
  8280 | D:9      | 8280 ||| Stepping ~*~*~tactically~*~*~ (stealth).
  8281 | D:9      | 8281 ||| Stepping ~*~*~tactically~*~*~ (stealth).
  8292 | D:9      | 8292 ||| INVOKING Heroism.
  8294 | D:9      | Reached ** piety under Okawaru
  8309 | D:9      | Noticed a kobold demonologist
  8316 | D:9      | 8316 ||| INVOKING Heroism.
  8316 | D:9      | Noticed an orange demon
  8319 | D:9      | Noticed a smoke demon
  8329 | D:9      | Noticed Amaemon
  8342 | D:9      | Noticed an orange demon
  8343 | D:9      | 8343 ||| INVOKING Heroism.
  8346 | D:9      | Killed Amaemon
  8347 | D:9      | Reached skill level 9 in Shields
  8347 | D:9      | HP: 17/69 [hornet (4)]
  8348 | D:9      | 8348 ||| READING 3 scrolls of teleportation.
  8350 | D:9      | Reached XP level 11. HP: 19/73 MP: 11/14
  8351 | D:9      | 8351 ||| DRINKING 2 potions of heal wounds.
  8367 | D:9      | 8367 ||| INVOKING Heroism.
  8372 | D:9      | HP: 15/74 [troll (8)]
  8373 | D:9      | 8373 ||| READING 2 scrolls of teleportation.
  8374 | D:9      | 8374 ||| DRINKING potion of heal wounds.
  8488 | D:9      | 8488 ||| Invisible monster not found???
  8509 | D:9      | 8509 ||| INVOKING Heroism.
  8535 | D:9      | Noticed a soul eater
  8542 | D:9      | 8542 ||| INVOKING Heroism.
  8547 | D:9      | HP: 16/74 [smoke demon][a kobold demonologist] (4)]
  8548 | D:9      | 8548 ||| READING scroll of teleportation.
  8553 | D:9      | HP: 15/74 [orange demon[Amaemon] (1)]
  8563 | D:9      | HP: 13/74 [orange demon[Amaemon] (1)]
  8566 | D:9      | 8566 ||| INVOKING Heroism.
  8592 | D:9      | 8592 ||| INVOKING Heroism.
  8903 | D:9      | 8903 ||| Stepping ~*~*~tactically~*~*~ (stealth).
  8905 | D:9      | 8905 ||| INVOKING Heroism.
  8926 | D:9      | 8926 ||| Stepping ~*~*~tactically~*~*~ (hiding).
  8944 | D:9      | 8944 ||| Stepping ~*~*~tactically~*~*~ (stealth).
  8945 | D:9      | 8945 ||| Stepping ~*~*~tactically~*~*~ (stealth).
  8946 | D:9      | 8946 ||| Stepping ~*~*~tactically~*~*~ (stealth).
  8974 | D:9      | 8974 ||| DROPPING +0 flail.
  9196 | D:9      | 9196 ||| INVOKING Heroism.
  9203 | D:9      | Reached *** piety under Okawaru
  9216 | D:9      | Reached skill level 11 in Axes
  9394 | D:9      | 9394 ||| INVOKING Heroism.
  9402 | D:9      | Noticed a two-headed ogre
  9406 | D:9      | 9406 ||| Stepping ~*~*~tactically~*~*~ (water).
  9417 | D:9      | HP: 12/74 [two-headed ogre/+0 giant spiked club (13)]
  9418 | D:9      | 9418 ||| DRINKING potion of heal wounds.
  9420 | D:9      | Killed a two-headed ogre
  9420 | D:9      | Reached **** piety under Okawaru
  9421 | D:9      | 9421 ||| INVOKING Heroism.
  9426 | D:9      | HP: 16/75 [kobold brigand/+0 whip (2)]
  9463 | D:9      | 9463 ||| FLEEEEING.
  9654 | D:9      | 9654 ||| INVOKING Heroism.
  9672 | D:9      | Received a gift from Okawaru
  9673 | D:9      | Reached skill level 9 in Fighting
  9722 | D:9      | 9722 ||| Stepping ~*~*~tactically~*~*~ (hiding).
  9727 | D:9      | 9727 ||| INVOKING Heroism.
  9757 | D:9      | 9757 ||| Stepping ~*~*~tactically~*~*~ (stealth).
  9759 | D:9      | 9759 ||| Stepping ~*~*~tactically~*~*~ (hiding).
  9760 | D:9      | 9760 ||| Stepping ~*~*~tactically~*~*~ (stealth).
  9780 | D:9      | 9780 ||| Stepping ~*~*~tactically~*~*~ (stealth).
  9782 | D:9      | 9782 ||| Stepping ~*~*~tactically~*~*~ (hiding).
  9788 | D:9      | 9788 ||| INVOKING Heroism.
  9794 | D:9      | 9794 ||| Stepping ~*~*~tactically~*~*~ (hiding).
  9824 | D:9      | 9824 ||| INVOKING Heroism.
  9827 | D:9      | Noticed a two-headed ogre
  9832 | D:9      | Killed a two-headed ogre
  9833 | D:9      | Reached skill level 6 in Invocations
  9842 | D:9      | 9842 ||| FLEEEEING.
  9843 | D:9      | 9843 ||| FLEEEEING.
  9844 | D:9      | 9844 ||| FLEEEEING.
  9845 | D:9      | 9845 ||| FLEEEEING.
  9849 | D:9      | 9849 ||| FLEEEEING.
  9850 | D:9      | 9850 ||| FLEEEEING.
  9851 | D:9      | 9851 ||| FLEEEEING.
  9852 | D:9      | 9852 ||| FLEEEEING.
  9858 | D:9      | 9858 ||| FLEEEEING.
  9859 | D:9      | 9859 ||| FLEEEEING.
  9860 | D:9      | 9860 ||| FLEEEEING.
  9861 | D:9      | 9861 ||| FLEEEEING.
  9862 | D:9      | 9862 ||| FLEEEEING.
  9863 | D:9      | 9863 ||| FLEEEEING.
  9864 | D:9      | 9864 ||| FLEEEEING.
  9865 | D:9      | 9865 ||| FLEEEEING.
  9866 | D:9      | 9866 ||| FLEEEEING.
  9867 | D:9      | 9867 ||| FLEEEEING.
  9868 | D:9      | 9868 ||| FLEEEEING.
  9869 | D:9      | 9869 ||| FLEEEEING.
  9870 | D:9      | 9870 ||| FLEEEEING.
  9871 | D:9      | 9871 ||| FLEEEEING.
  9872 | D:9      | 9872 ||| FLEEEEING.
  9873 | D:9      | 9873 ||| FLEEEEING.
  9874 | D:9      | 9874 ||| FLEEEEING.
  9875 | D:9      | 9875 ||| FLEEEEING.
  9876 | D:9      | 9876 ||| FLEEEEING.
  9877 | D:9      | 9877 ||| FLEEEEING.
  9878 | D:9      | 9878 ||| FLEEEEING.
  9879 | D:9      | 9879 ||| FLEEEEING.
  9880 | D:9      | 9880 ||| FLEEEEING.
  9881 | D:9      | 9881 ||| FLEEEEING.
  9882 | D:9      | 9882 ||| FLEEEEING.
  9883 | D:9      | 9883 ||| FLEEEEING.
  9884 | D:9      | 9884 ||| FLEEEEING.
  9885 | D:9      | 9885 ||| FLEEEEING.
  9886 | D:9      | 9886 ||| FLEEEEING.
  9887 | D:9      | 9887 ||| FLEEEEING.
  9888 | D:9      | 9888 ||| FLEEEEING.
  9889 | D:9      | 9889 ||| FLEEEEING.
  9890 | D:9      | 9890 ||| FLEEEEING.
  9891 | D:9      | 9891 ||| FLEEEEING.
  9892 | D:9      | 9892 ||| FLEEEEING.
  9893 | D:9      | 9893 ||| STAIRDANCE
  9985 | D:8      | 9985 ||| UPGRADING to +0 cloak.
  9992 | D:9      | 9992 ||| INVOKING Heroism.
 10058 | D:9      | Reached XP level 12. HP: 83/83 MP: 16/16
 10122 | D:9      | Noticed an ogre mage
 10134 | D:9      | Killed an ogre mage
 10351 | D:9      | 10351 ||| PLANNING LAIR
 10362 | Lair:1   | Entered Level 1 of the Lair of Beasts
 10389 | Lair:1   | Found the +9 heavy crossbow "Sniper" {vorpal, Acc+∞ SInv}
 10391 | Lair:1   | 10391 ||| Stepping ~*~*~tactically~*~*~ (stealth).
 10393 | Lair:1   | 10393 ||| INVOKING Heroism.
 10415 | Lair:1   | Reached ***** piety under Okawaru
 10563 | Lair:1   | 10563 ||| Stepping ~*~*~tactically~*~*~ (stealth).
 10564 | Lair:1   | 10564 ||| Stepping ~*~*~tactically~*~*~ (stealth).
 10566 | Lair:1   | 10566 ||| Stepping ~*~*~tactically~*~*~ (stealth).
 10567 | Lair:1   | 10567 ||| INVOKING Heroism.
 10681 | Lair:1   | 10681 ||| INVOKING Heroism.
 10875 | Lair:1   | Noticed a death yak
 10875 | Lair:1   | Noticed a death yak
 10875 | Lair:1   | Noticed a death yak
 10875 | Lair:1   | Noticed a death yak
 10876 | Lair:1   | 10876 ||| INVOKING Heroism.
 10877 | Lair:1   | 10877 ||| INVOKING Finesse.
 10878 | Lair:1   | 10878 ||| INVOKING Finesse.
 10878 | Lair:1   | Noticed a death yak
 10892 | Lair:1   | Killed a death yak
 10894 | Lair:1   | Killed a death yak
 10895 | Lair:1   | Reached skill level 12 in Axes
 10897 | Lair:1   | Killed a death yak
 10904 | Lair:1   | Killed a death yak
 10905 | Lair:1   | Reached skill level 9 in Invocations
 10910 | Lair:1   | Killed a death yak
 11027 | Lair:1   | Received a gift from Okawaru
 11301 | Lair:1   | 11301 ||| READING scroll of enchant weapon.
 11301 | Lair:1   | 11301 ||| ENCHANTING +3 war axe.
 11498 | Lair:1   | 11498 ||| DROPPING ring of magical power.
 11537 | Lair:2   | Reached skill level 9 in Armour
 11682 | Lair:2   | 11682 ||| INVOKING Heroism.
 11690 | Lair:2   | 11690 ||| Stepping ~*~*~tactically~*~*~ (cloud).
 11702 | Lair:2   | 11702 ||| Stepping ~*~*~tactically~*~*~ (hiding).
 11709 | Lair:2   | Reached skill level 3 in Dodging
 11712 | Lair:2   | Noticed Nergalle
 11718 | Lair:2   | Noticed Gastronok
 11721 | Lair:2   | HP: 20/81 [Gastronok/the air (30)]
 11722 | Lair:2   | 11722 ||| READING scroll of teleportation.
 11723 | Lair:2   | 11723 ||| DRINKING potion of heal wounds.
 11724 | Lair:2   | 11724 ||| INVOKING Heroism.
 11738 | Lair:2   | Killed Nergalle
 11744 | Lair:2   | Killed from afar by Gastronok

Levels and vault maps discovered:
D:1:      wander_arrival_lonely_grave, layout_rooms, serial_shops,
          nicolae_shop_waterfront, minmay_split_cup_large
D:2:      minmay_skewed_foursquare, layout_basic, serial_bayou,
          serial_bayou_ford_a, serial_bayou_lake_a, serial_bayou_crossing,
          serial_bayou_pond_a, serial_bayou_pond_d, serial_bayou_pond_d,
          minmay_pentomino_u4, uniq_natasha
D:3:      layout_rooms, lemuel_tele_altar
D:4:      layout_loops_ring, mainiacjoe_overflow_catwalk,
          lemuel_mausoleum_altar_yredelemnul, grunt_decor_junction,
          kennysheep_cross_bottleneck, hangedman_decor_riveting
D:5:      cheibrodos_barr_body, layout_loops_corners, gup_sewer_entry_bowl,
          minmay_misc_feat_ornament, chequers_serial_rivers_micro_a
D:6:      layout_cave_pools, eino_small_chamber_without_monster,
          mrwooster_statue_mirror, minmay_mini_ossuary, uniq_crazy_yiuf_cottage
D:7:      layout_gridville, mainiacjoe_overflow_small_starburst,
          nicolae_ashenzari_skybound, mainiacjoe_overflow_24_doors,
          fedhas_bush_and_centaur_altar, nicolae_uskayaw_en_pointe,
          minmay_temple_entry_stoned_glass
D:8:      layout_cave_pools, nrook_loot_triangle, uniq_pikel
D:9:      lemuel_castle_with_subvaults [lemuel_castle_interior_carwin_3],
          layout_irregular_city, lair_entry_dummy, serial_bayou,
          serial_bayou_pond_d, serial_bayou_lagoon_a, serial_bayou_shore_b,
          serial_bayou_shore_b, uniq_amaemon
Temple:   zaba_magenta_temple
Lair:1:   layout_cellular_growth, nicolae_lair_run_with_the_wolves
Lair:2:   layout_cave_shapes, elwin_shoals_entry_stream,
          spider_nest_entry_funnel_web, gammafunk_ghost_arena,
          grunt_megastairs_3, uniq_gastronok, uniq_nergalle

Skill      XL: |  1  2  3  4  5  6  7  8  9 10 11 12 |
---------------+-------------------------------------+-----
Axes           | 2 3 4 5 6 7 8 10 11 12 | 12.0
Dodging        | 1 2 3 |  3.0
Throwing       | 1 |  1.0
Fighting       | 4 5 6 7 9 |  9.0
Armour         | 5 6 8 9 |  9.0
Shields        | 4 9 10 | 10.3
Invocations    | 4 6 10 | 10.0

Action                   |  1- 3 |  4- 6 |  7- 9 | 10-12 || total
-------------------------+-------+-------+-------+-------++-------
Melee: War axe           |    98 |   129 |   358 |   566 ||  1151
       Headbutt          |       |    18 |    71 |   128 ||   217
Throw: Javelin           |       |    21 |    10 |       ||    31
       Boomerang         |       |       |    46 |    36 ||    82
Invok: Heroism           |       |       |       |    29 ||    29
       Finesse           |       |       |       |     1 ||     1
  Use: Scroll            |     4 |     7 |     7 |     9 ||    27
       Potion            |     1 |     2 |     1 |     4 ||     8
Armor: Scale mail        |    39 |    19 |       |       ||    58
       Chain mail        |       |    37 |    38 |       ||    75
       Plate armour      |       |       |   133 |   230 ||   363
Dodge: Dodged            |    70 |    66 |   159 |   225 ||   520
Block: Buckler           |    20 |    27 |    78 |       ||   125
       Kite shield       |       |       |       |   388 ||   388

Table legend:
 A = Non-vault XP
 B = Vault XP
 C = Vault XP percentage of total XP
 D = Non-vault monster count
 E = Vault monster count
 F = Vault count percentage of total count
                 A         B        C        D         E       F
            +---------+---------+-------+---------+---------+-------
      Total |   16104 |   15797 |  49.5 |     230 |     136 |  37.2
            +---------+---------+-------+---------+---------+-------
        D:1 |      35 |       7 |  16.7 |      16 |       4 |  20.0
        D:2 |      64 |      41 |  39.0 |      23 |       6 |  20.7
        D:3 |     117 |       0 |   0.0 |      27 |       0 |   0.0
        D:4 |     362 |     257 |  41.5 |      15 |      12 |  44.4
        D:5 |     332 |     851 |  71.9 |      16 |      17 |  51.5
        D:6 |    1370 |      25 |   1.8 |      25 |       5 |  16.7
        D:7 |    1013 |     112 |  10.0 |      27 |       1 |   3.6
        D:8 |    1735 |     685 |  28.3 |      27 |       1 |   3.6
        D:9 |    2031 |   10117 |  83.3 |      24 |      51 |  68.0
     Lair:1 |    7964 |    1667 |  17.3 |      26 |      11 |  29.7
     Lair:2 |    1081 |    1895 |  63.7 |       4 |       4 |  50.0
      Sewer |       0 |     140 | 100.0 |       0 |      24 | 100.0
            +---------+---------+-------+---------+---------+-------
